 Dungeon Crawl Stone Soup version 0.31-a0-426-g3a05650e59 (webtiles) character file.

Game seed: 170652586059518

14487 randomguy2701 the Cleaver (level 11, -13/99 HPs)
             Began as a Minotaur Fighter on July 30, 2023.
             Was an Elder of Okawaru.
             Mangled by Sonja
             ... wielding a +2 dagger of distortion
              (22 damage)
             ... in the Arena.
             The game lasted 00:27:08 (9004 turns).

randomguy2701 the Cleaver (Minotaur Fighter)        Turns: 9004, Time: 00:27:10

Health: -13/99     AC: 20    Str: 34    XL:     11   Next: 89%
Magic:  7/15       EV: 13    Int:  8    God:    Okawaru [****..]
Gold:   575        SH:  8    Dex: 20    Spells: 10/10 levels left

rFire   . . .        u - +5 war axe "Baots" {vamp, Int+3}
rCold   x x .        c - +0 buckler
rNeg    . . .        B - +0 plate armour
rPois   .            (helmet restricted)
rElec   .            H - +0 cloak "Ogaet" {Contam Str+5 Int+4}
rCorr   .            n - +0 pair of gloves
SInv    .            (no boots)
Will    .....        (no amulet) Stlth
                     e - +6 ring of dexterity
HPRegen 0.36/turn    y - ring "Qerong" {Str+6 Dex+2}
MPRegen 0.14/turn

%: no passive effects
@: lethally poisoned (-13 -> -17), heroic, slowed, duelling, unable to read,
very slow
A: horns 2, retaliatory headbutt, [dopey 2], [cold vulnerability 2], [inability
to read after injury 2]
a: Renounce Religion, Heroism, Finesse


You were in the Arena.
You worshipped Okawaru.
Okawaru was greatly pleased with you.
You visited 2 branches of the dungeon, and saw 11 of its levels.
You visited the Abyss 1 time.
You also visited: Bailey.

You collected 575 gold pieces.

Inventory:

Hand Weapons
 u - the +5 war axe "Baots" (weapon) {vamp, Int+3}
   (You found it on level 4 of the Dungeon)

   Int:       It affects your intelligence (+3).
Armour
 c - a +0 buckler (worn)
 n - a +0 pair of gloves (worn)
 B - a +0 plate armour (worn)
 H - the +0 cloak "Ogaet" (worn) {Contam Str+5 Int+4}
   (Okawaru gifted it to you on level 9 of the Dungeon)

   Str:       It affects your strength (+5).
   Int:       It affects your intelligence (+4).
   Contam:    It causes magical contamination when unequipped.
Jewellery
 a - a ring of positive energy
 e - a +6 ring of dexterity (left hand)
 s - a +6 ring of dexterity
 t - a ring of wizardry
 y - the ring "Qerong" (right hand) {Str+6 Dex+2}
   (You found it on level 6 of the Dungeon)

   [ring of strength]

   Str:       It affects your strength (+6).
   Dex:       It affects your dexterity (+2).
 F - a ring of positive energy
Wands
 b - a wand of iceblast (12)
 w - a wand of flame (29)
Scrolls
 f - 5 scrolls of fear
 i - 2 scrolls of noise {unknown}
 k - 4 scrolls of teleportation
 l - 2 scrolls of revelation {unknown}
 o - 3 scrolls of vulnerability {unknown}
 p - a scroll of poison {unknown}
 q - a scroll of fog {unknown}
 v - 7 scrolls of enchant armour
 x - 6 scrolls of enchant weapon
 J - a scroll of silence {unknown}
Potions
 d - 4 potions of magic
 g - 2 potions of mutation
 h - a potion of brilliance
 j - 2 potions of cancellation
 m - 4 potions of invisibility
 r - 2 potions of resistance
 z - a potion of curing
 A - a potion of lignification {unknown}
 C - a potion of experience {unknown}
 E - a potion of haste {unknown}
 I - a potion of heal wounds {unknown}
 K - 2 potions of ambrosia {unknown}


   Skills:
 + Level 10.0(15.0) Fighting
 + Level 14.6(19.6) Axes
 + Level 10.8(15.8) Armour
 + Level 2.0(7.0) Dodging
 - Level 1.0(6.0) Stealth
 + Level 8.0(13.0) Shields
 * Level 7.4 Invocations


You had 10 spell levels left.
You didn't know any spells.
Your spell library contained the following spells:

 Spells                   Type           Power      Damage    Failure   Level
 Slow                     Hex            0%         N/A       90%         1
 Confusing Touch          Hex            0%         N/A       99%         3
 Vampiric Draining        Necr           0%         2d6       99%         3


Dungeon Overview and Level Annotations

Branches:
Dungeon (10/15)            Temple (1/1) D:7            Lair (0/5) D:8
 Bailey (visited)
    Orc: D:9-12

Altars:
Ashenzari
Cheibriados
Dithmenos
Elyvilon
Fedhas
Gozag
Hepliaklqana
Kikubaaqudgha
Makhleb
Nemelex Xobeh
Okawaru
Qazlal
Ru
Sif Muna
Trog
Uskayaw
Vehumet
Wu Jian
Xom
Yredelemnul
Zin
The Shining One

Annotations:
D:8 2 transporters Arena Sonja


Innate Abilities, Weirdness & Mutations

You have a pair of horns on your head.
You reflexively headbutt those who attack you in melee.
[You are very dopey. (Int -4)]
[You are very vulnerable to cold. (rC--)]
[You sometimes lose the ability to read scrolls when taking damage.]


Message History

Okawaru will no longer gift you equipment.
The spectator shouts! x11
Sonja hits you but does no damage. x2; Space warps around you!
Sonja misses you.
Found a gate leading back out of this place.
There is an empty arch of ancient stone here.
You feel more confident with your borrowed prowess.
Sonja shouts, "Too slow!"
Sonja hits you but does no damage.
You blink.
Sonja gestures wildly while chanting.
Sonja blinks!
You slash Sonja!
Sonja is moderately wounded.
Sonja says, "I'm academy-trained, you know."
Sonja closely misses you. Sonja misses you.
Sonja hits you with a +2 dagger of distortion.
You blink.
Sonja shouts, "Some dancing partner you are!"
Sonja throws a curare-tipped dart.
The curare-tipped dart hits you.
You are poisoned.
You have difficulty breathing.
* * * LOW HITPOINT WARNING * * *
You feel yourself slow down.
Sonja throws a curare-tipped dart.
The curare-tipped dart barely misses you.
You feel very sick. Sonja misses you. You block Sonja's attack. x2
You slash Sonja!
Sonja is severely wounded.
You feel very sick. You block Sonja's attack.
Sonja hits you but does no damage. Space warps around you.
* * * LOW HITPOINT WARNING * * *
You block Sonja's attack.
You completely miss Sonja. Your headbutt misses Sonja.
Sonja is severely wounded.
You feel sick.
Sonja hits you with a +2 dagger of distortion!
* * * LOW HITPOINT WARNING * * *
Space warps horribly around you!!
You die...
Okawaru crowns Sonja victorious!

#########
##..p#...##
##.p▓▓▓▓▓..##
##.p▓▓...▓▓p.##
#..▓▓.....▓▓p.#
#.▓▓.......▓▓p#
#▓▓.........▓▓#
#▓.....∩.....▓#
#▓▓......@..▓▓#
#.▓▓....K..▓▓.#
#..▓▓.....▓▓p.#
##.p▓▓...▓▓p.##
##.p▓▓▓▓▓p.##
##.p▓∩▓..##
#########


You could see Sonja.

Vanquished Creatures
  A boulder beetle (D:10)
  2 two-headed ogres
  2 orc knights (Bailey)
  A deep elf pyromancer (D:10)
  A cyclops (D:10)
  A worldbinder (Abyss:2)
  Joseph (D:8)
  A gargoyle (D:10)
  A komodo dragon (D:10)
  2 trolls
  Grinder (D:4)
  Prince Ribbit (D:8)
  3 raiju (Abyss:3)
  A slime creature (D:7)
  A vampire (D:10)
  2 shadows
  A ynoxinul (Abyss:2)
  8 yaks
  A wyvern (Temple)
  Grum (D:9)
  4 steam dragons
  7 water moccasins
  An acid dragon (D:8)
  10 orc warriors
  A sky beast (D:7)
  4 ice beasts
  3 black bears
  3 wolves (D:8)
  An ogre (D:5)
  7 centaurs
  6 kobold brigands
  6 bullfrogs
  3 gnoll sergeants
  2 scorpions
  A wight (D:8)
  6 killer bees
  2 howler monkeys (D:7)
  A small abomination (Abyss:2)
  3 jellies
  3 orc priests
  A gnoll bouda (D:7)
  2 hounds (D:5)
  A sleepcap (D:5)
  4 iguanas
  8 orc wizards
  18 gnolls
  6 adders
  A white imp (D:5)
  An ufetubus (D:4)
  A worm (D:5)
  A dart slug (D:1)
  41 orcs
  7 bats
  6 endoplasms
  8 goblins
  4 hobgoblins
  4 jackals (D:1)
  3 quokkas
  9 ball pythons
  3 frilled lizards
  24 kobolds
  3 rats
263 creatures vanquished.

Notes
Turn   | Place    | Note
-------+----------+-------------------------------------------
     0 | D:1      | randomguy2701 the Minotaur Fighter began the quest for the
                  | Orb.
     0 | D:1      | Reached XP level 1. HP: 19/19 MP: 0/0
   146 | D:1      | Reached XP level 2. HP: 24/27 MP: 1/1
   513 | D:1      | Reached XP level 3. HP: 15/33 MP: 2/2
   812 | D:2      | Reached skill level 3 in Axes
  1211 | D:3      | Found an opulent altar of Gozag.
  1250 | D:3      | Reached XP level 4. HP: 40/41 MP: 3/3
  2088 | D:4      | Reached skill level 4 in Axes
  2144 | D:4      | Identified the +5 war axe "Baots" {vamp, Int+3}
  2264 | D:4      | Noticed a black bear
  2269 | D:4      | Killed a black bear
  2270 | D:4      | Reached skill level 5 in Armour
  2270 | D:4      | Reached XP level 5. HP: 47/47 MP: 4/4
  2527 | D:4      | Reached skill level 5 in Axes
  2527 | D:4      | Reached XP level 6. HP: 47/55 MP: 5/5
  2889 | D:5      | Entered Level 5 of the Dungeon
  2889 | D:5      | Noticed Grinder
  2896 | D:4      | Killed Grinder
  2897 | D:4      | Reached skill level 5 in Fighting
  2897 | D:4      | Reached skill level 6 in Axes
  2897 | D:4      | Reached skill level 1 in Dodging
  2897 | D:4      | Reached XP level 7. HP: 61/61 MP: 6/6
  3012 | D:5      | Reached skill level 7 in Axes
  3205 | D:5      | Reached skill level 5 in Shields
  3342 | D:5      | Reached skill level 1 in Stealth
  4255 | D:6      | Reached skill level 8 in Axes
  4255 | D:6      | Reached XP level 8. HP: 70/70 MP: 7/7
  4388 | D:6      | Identified the ring "Qerong" {Str+6 Dex+2}
  5261 | D:7      | Found a staircase to the Ecumenical Temple.
  5294 | D:7      | Reached skill level 9 in Axes
  5341 | Temple   | Entered the Ecumenical Temple
  5350 | Temple   | Became a worshipper of Warmaster Okawaru
  5373 | D:7      | Noticed a troll
  5374 | D:7      | Reached skill level 1 in Invocations
  5382 | D:7      | Killed a troll
  5382 | D:7      | Reached * piety under Okawaru
  5383 | D:7      | Reached XP level 9. HP: 17/78 MP: 7/9
  5572 | D:7      | Noticed a troll
  5574 | D:7      | Reached skill level 10 in Axes
  5641 | Temple   | Killed a troll
  5777 | D:7      | Reached ** piety under Okawaru
  5788 | D:7      | Reached skill level 11 in Axes
  6370 | D:8      | Noticed a two-headed ogre
  6385 | D:8      | Killed a two-headed ogre
  6385 | D:8      | Reached *** piety under Okawaru
  6386 | D:8      | Reached XP level 10. HP: 75/88 MP: 8/12
  6446 | D:8      | Found a flagged portal.
  6458 | Bailey   | Entered a bailey
  6697 | Bailey   | Noticed an orc knight
  6714 | Bailey   | Killed an orc knight
  6714 | Bailey   | Noticed an orc knight
  6715 | Bailey   | Reached skill level 12 in Axes
  6724 | Bailey   | Killed an orc knight
  6724 | Bailey   | Reached **** piety under Okawaru
  6725 | Bailey   | Reached skill level 5 in Invocations
  6769 | D:8      | Found a transporter.
  7002 | D:8      | Received a gift from Okawaru
  7187 | D:8      | Found a staircase to the Lair.
  7241 | D:8      | Noticed Joseph
  7254 | D:8      | Killed Joseph
  7254 | D:8      | Reached ***** piety under Okawaru
  7539 | D:8      | Found a transporter.
  7644 | D:9      | Noticed Prince Ribbit
  7644 | D:9      | Noticed Grum
  7654 | D:8      | Reached skill level 10 in Armour
  7655 | D:8      | Reached XP level 11. HP: 86/95 MP: 14/14
  7656 | D:8      | Received a gift from Okawaru
  7703 | D:8      | Reached skill level 13 in Axes
  7705 | D:8      | Killed Prince Ribbit
  7875 | D:9      | Killed Grum
  7924 | D:9      | Identified the +0 cloak "Ogaet" {Contam Str+5 Int+4}
                  | (Okawaru gifted it to you on level 9 of the Dungeon)
  7924 | D:9      | Received a gift from Okawaru
  8204 | D:9      | Found a bloodstained altar of Trog.
  8206 | D:9      | Found a stormy altar of Qazlal.
  8415 | D:10     | Entered Level 10 of the Dungeon
  8415 | D:10     | Noticed a two-headed ogre
  8419 | D:10     | Killed a two-headed ogre
  8452 | D:10     | Noticed a boulder beetle
  8463 | D:10     | Killed a boulder beetle
  8513 | D:10     | Found the +13 scythe of Curses {drain, curses, Drain}
  8568 | D:10     | Noticed a deep elf pyromancer
  8577 | D:10     | Killed a deep elf pyromancer
  8578 | D:10     | Reached skill level 14 in Axes
  8776 | D:10     | Noticed Sonja
  8802 | Abyss:2  | Cast into level 2 of the Abyss (Sonja)
  8882 | Abyss:2  | Noticed a wretched star
  8976 | Abyss:3  | Reached skill level 10 in Fighting
  8996 | D:10     | Escaped the Abyss
  8997 | Arena    | Entered the Arena
  9004 | Arena    | Mangled by Sonja

Illustrated notes

Levels and vault maps discovered:
D:1:      dpeg_arrival_radiant, layout_loops_ring
D:2:      layout_basic, basic_altar
D:3:      layout_basic, grunt_gozag_breadcrumbs
D:4:      layout_layer_cave, chequers_serial_rivers_marsh,
          kennysheep_generic_room_5
D:5:      layout_layer_cave, kennysheep_generic_room_7, uniq_grinder
D:6:      layout_basic
D:7:      cheibrodos_fzero, layout_rooms, minmay_temple_entry_mini_moons
D:8:      gammafunk_cloud_chamber, layout_loops_ring,
          due_lair_maze_entry_diamond, enter_bailey_3, st_stairs_9, uniq_joseph
D:9:      layout_cave_pools, chequers_temple_overflow_statue_of_worship,
          amethyst_killhole, hangedman_glass_teeth, uniq_prince_ribbit1,
          uniq_grum
D:10:     minmay_chopped_fan, layout_loops_cross, uniq_sonja
Temple:   hellmonk_temple_of_storms
Arena

Skill      XL: |  1  2  3  4  5  6  7  8  9 10 11 |
---------------+----------------------------------+-----
Armour         | 4 5 6 7 9 10 | 10.8
Fighting       | 4 5 6 7 8 10 | 10.0
Axes           | 3 4 5 6 8 9 11 12 14 | 14.6
Shields        | 4 5 6 7 8 |  8.0
Dodging        | 1 2 |  2.0
Stealth        | 1 |  1.0
Invocations    | 1 4 6 7 |  7.4

Action                     |  1- 3 |  4- 6 |  7- 9 | 10-12 || total
---------------------------+-------+-------+-------+-------++-------
  Melee: War axe           |    70 |    48 |   177 |   315 ||   610
         Headbutt          |     8 |     6 |    37 |    74 ||   125
 Invoke: Heroism           |       |       |     1 |     6 ||     7
         Duel              |       |       |       |     1 ||     1
    Use: Potion            |       |       |     1 |     3 ||     4
         Scroll            |       |       |     5 |     3 ||     8
 Armour: Scale mail        |    41 |    32 |    20 |       ||    93
         Plate armour      |       |       |    64 |   174 ||   238
  Dodge: Dodged            |    49 |    27 |    67 |   144 ||   287
  Block: Buckler           |    19 |    12 |    73 |   120 ||   224

Table legend: (Time is in decaauts)
 A = Elapsed time spent in this place.
 B = Non-inter-level travel time spent in this place.
 C = Inter-level travel time spent in this place.
 D = Time resting spent in this place.
 E = Time spent auto-exploring this place.
 F = Levels seen in this place.
 G = Mean time per level.
                   A        B        C        D        E       F      G
               +--------+--------+--------+--------+--------+-----+--------+
         Total |   9044 |   8363 |    681 |    165 |   6760 |  15 |  602.9 |
       Dungeon |   7888 |   7224 |    664 |      0 |   6031 |  10 |  788.8 |
        Temple |    659 |    642 |     17 |     97 |    525 |   1 |  659.0 |
         Abyss |    203 |    203 |      0 |     68 |      6 |   2 |  101.5 |
        Bailey |    285 |    285 |      0 |      0 |    198 |   1 |  285.0 |
         Arena |      7 |      7 |      0 |      0 |      0 |   1 |    7.0 |
               +--------+--------+--------+--------+--------+-----+--------+

Top non-repeatable levels by time:
     D:5: 1214 daAuts
     D:8: 1212 daAuts
     D:3: 959 daAuts
     D:4: 936 daAuts
     D:6: 922 daAuts
     D:1: 823 daAuts
  Temple: 659 daAuts
     D:9: 560 daAuts
     D:7: 553 daAuts
    D:10: 379 daAuts
     D:2: 326 daAuts
  Bailey: 285 daAuts
 Abyss:3: 102 daAuts
 Abyss:2: 100 daAuts
   Arena: 7 daAuts
